 Dungeon Crawl Stone Soup version 0.28.0-53-g5a82cb258f (webtiles) character file.

Game seed: 10268908946419873463

424 ZappyNine the Conjurer (level 6, -4/62 HPs)
             Began as an Ogre Conjurer on May 28, 2022.
             Was a High Priest of Ignis.
             Killed from afar by a white imp (12 damage)
             ... with a puff of frost
             ... summoned by Natasha
             ... on level 4 of the Dungeon.
             The game lasted 00:05:39 (4073 turns).

ZappyNine the Conjurer (Ogre Conjurer)              Turns: 4073, Time: 00:05:39

Health: -4/62      AC:  4    Str: 12    XL:     6   Next: 96%
Magic:  8/12       EV:  9    Int: 21    God:    Ignis [*****.]
Gold:   137        SH:  0    Dex:  7    Spells: 3/13 levels left

rFire   + . .      SeeInvis .   c - +2 dagger (speed)
rCold   . . .      Faith    .   (no shield)
rNeg    . . .      Spirit   .   a - +0 robe
rPois   .          Reflect  .   (helmet restricted)
rElec   .          Harm     .   j - +0 cloak
rCorr   .          Rampage  .   (gloves unavailable)
Will    .....                   (boots unavailable)
Stlth   +.........              (no amulet)
HPRegen 0.20/turn               (no ring)
MPRegen 0.13/turn               (no ring)

@: very slightly contaminated
A: large, unfitting armour, tough skin 1
a: Renounce Religion, Fiery Armour, Foxfire Swarm, Rising Flame


You were on level 4 of the Dungeon.
You worshipped Ignis.
Ignis was extremely pleased with you.
You visited 1 branch of the dungeon, and saw 4 of its levels.

You collected 137 gold pieces.

Inventory:

Hand Weapons
 c - a +2 dagger of speed (weapon)
Armour
 a - a +0 robe (worn)
 j - a +0 cloak (worn)
Scrolls
 b - 4 scrolls of identify {unknown}
 d - 3 scrolls of enchant weapon {unknown}
 f - 4 scrolls of teleportation {unknown}
 h - 2 scrolls of noise {unknown}
 i - a scroll of fog {unknown}
 k - a scroll of fear {unknown}
 l - a scroll of blinking {unknown}
Potions
 e - a potion of mutation {unknown}
 m - a potion of brilliance


   Skills:
 - Level 4.1 Fighting
 - Level 1.7 Dodging
 - Level 1.4 Stealth
 - Level 4.4 Spellcasting
 - Level 4.8 Conjurations
 + Level 2.0 Hexes
 + Level 2.0 Translocations


You had 3 spell levels left.
You knew the following spells:

 Your Spells              Type           Power      Damage    Failure   Level
a - Magic Dart            Conj           96%        1d7       1%          1
b - Searing Ray           Conj           48%        2d6       2%          2
c - Iskenderun's Mystic   Conj/Tloc      18%        2d6       28%         4
d - Dazzling Flash        Conj/Hex       36%        N/A       9%          3

Your spell library contained the following spells:

 Spells                   Type           Power      Damage    Failure   Level
 Sandblast                Erth           8%         2d5       12%         1
 Stone Arrow              Conj/Erth      28%        3d8       13%         3
 Passwall                 Tmut/Erth      3%         N/A       17%         2
 Fulminant Prism          Conj/Hex       9%         3d7       28%         4


Dungeon Overview and Level Annotations

Branches:
Dungeon (4/15)
 Temple: D:4-7

Altars:
Ashenzari
Elyvilon
Okawaru
Sif Muna
Ignis

Shops:
D:1 :

Annotations:
D:4 Natasha


Innate Abilities, Weirdness & Mutations

You are too large for most types of armour.
You have tough skin. (AC +1)


Message History

The orc closely misses you.
You hit the orc.
You kill the orc!
The white imp gestures at you. The puff of frost hits you!
The orc priest hits you with a +0 dagger.
Natasha mumbles some strange words.
You hit the orc priest.
The orc priest is moderately wounded.
The orc priest barely misses you.
You hit the orc priest.
The orc priest is moderately wounded.
Natasha claws you! The shadow imp gestures at you.
Pain shoots through your body!
The orc priest hits you but does no damage.
You are too injured to fight recklessly!
You are too injured to fight recklessly!
You are too injured to fight recklessly!
You are too injured to fight recklessly!
Unknown command.
Casting: Searing Ray (safe; 2% risk of failure)
Confirm with . or Enter, or press ? or * to list all spells.
The spell is quite dangerous to miscast (28% risk of failure)!
Continue anyway?
You miscast Iskenderun's Mystic Blast.
You are very lightly contaminated with residual magic.
Nothing appears to happen.
The white imp gestures at you. The puff of frost hits you!
* * * LOW HITPOINT WARNING * * *
Natasha casts a spell.
The shadow imp barely misses you.
The orc priest hits you with a +0 dagger.
* * * LOW HITPOINT WARNING * * *
Unknown command.
Unknown command.
Unknown command.
The white imp gestures at you. The puff of frost hits you!
You die...

#####+##### ..........#
..........#
..........###+#########
..............)55......
..............@.o......
## #.#.......#.h......
.# #.#.####..#.#######
.#### #.#'####...5.
....###.....##.##.#.
....'.......##+##.#..
....####....# #.# ..
....####....# #.# ...
#..........##


You could see an orc priest, Natasha, a crimson imp (summoned), a white imp
(summoned) and a shadow imp (summoned).

Vanquished Creatures
  Grinder (D:3)
  An ogre (D:4)
  An orc priest (D:4)
  2 orc wizards
  A dart slug (D:3)
  5 orcs
  3 bats
  4 endoplasms (D:2)
  6 giant cockroaches
  4 hobgoblins
  7 kobolds
  2 quokkas
  2 ball pythons
  A frilled lizard (D:2)
  4 goblins
  3 rats
47 creatures vanquished.

Notes
Turn   | Place    | Note
-------+----------+-------------------------------------------
     0 | D:1      | ZappyNine the Ogre Conjurer began the quest for the Orb.
     0 | D:1      | Reached XP level 1. HP: 16/16 MP: 3/3
    29 | D:1      | Found Plog's Book Shop.
   310 | D:1      | Found a faded altar of an unknown god.
   322 | D:1      | Prayed at the altar of an unknown god.
   322 | D:1      | Became a worshipper of Ignis, the Dying Flame
   651 | D:1      | Reached skill level 1 in Fighting
   674 | D:1      | Reached XP level 2. HP: 27/27 MP: 2/5
   677 | D:1      | Learned a level 2 spell: Searing Ray
  1535 | D:2      | Reached XP level 3. HP: 25/35 MP: 5/7
  2000 | D:2      | Found a broken altar of Ashenzari.
  2261 | D:3      | Noticed Grinder
  2266 | D:3      | Paralysed by Grinder for 2 turns
  2270 | D:3      | Paralysed by Grinder for 2 turns
  2271 | D:3      | HP: 1/35 [Grinder/nerve-wracking pain (10)]
  2291 | D:3      | HP: 1/35 [bat (1)]
  2321 | D:3      | Killed Grinder
  2322 | D:3      | Reached XP level 4. HP: 5/48 MP: 0/10
  2322 | D:3      | Reached XP level 5. HP: 6/54 MP: 0/11
  2322 | D:3      | Reached XP level 6. HP: 7/62 MP: 0/12
  2612 | D:3      | Found an iron altar of Okawaru.
  2803 | D:3      | Found a white marble altar of Elyvilon.
  2828 | D:3      | Learned a level 4 spell: Iskenderun's Mystic Blast
  2832 | D:3      | Learned a level 3 spell: Dazzling Flash
  3379 | D:3      | Found a shimmering blue altar of Sif Muna.
  3659 | D:4      | Reached skill level 1 in Hexes
  3659 | D:4      | Reached skill level 1 in Translocations
  4061 | D:4      | Noticed Natasha
  4073 | D:4      | Killed from afar by a white imp

Illustrated notes

Levels and vault maps discovered:
D:1:      co_arrival_random_square_maze, layout_basic,
          shapermc_ecumenical_altar_notcrosses, serial_shops,
          nicolae_shop_advertising_works [nicolae_subvault_shop_adworks]
D:2:      layout_basic, basic_altar
D:3:      layout_loops_corners, okawaru_metal_pillars_1_2,
          mainiacjoe_overflow_brackets, led_sif_pool, minmay_misc_feat_room,
          uniq_grinder
D:4:      layout_basic, uniq_menkaure, uniq_natasha

Skill      XL: |  1  2  3  4  5  6 |
---------------+-------------------+-----
Fighting       | 1 4 |  4.1
Spellcasting   | 3 4 |  4.4
Conjurations   | 4 |  4.8
Hexes          | 2 |  2.0
Translocations | 2 |  2.0
Dodging        | |  1.7
Stealth        | |  1.4

Action                   |  1- 3 |  4- 6 || total
-------------------------+-------+-------++-------
Melee: Dagger            |   100 |    87 ||   187
       Unarmed           |     2 |       ||     2
       Punch             |     2 |       ||     2
 Cast: Magic Dart        |    17 |     3 ||    20
       Searing Ray       |     5 |     7 ||    12
       Dazzling Flash    |       |     1 ||     1
  Use: Potion            |     3 |       ||     3
Armor: Robe              |    67 |    35 ||   102
Dodge: Dodged            |    59 |    37 ||    96
